 Dungeon Crawl Stone Soup version 0.29-a0-451-gfbfa42419e (webtiles) character file.

Game seed: 6287511999678776445

27 joe1234567 the Ruffian (level 3, 0/30 HPs)
             Began as a Ghoul Gladiator on May 19, 2022.
             Slain by a gnoll
             ... wielding a +0 flail of draining
              (7 damage)
             ... on level 2 of the Dungeon.
             The game lasted 00:03:33 (924 turns).

joe1234567 the Ruffian (Ghoul Gladiator)             Turns: 924, Time: 00:03:34

Health: 0/30       AC:  4    Str: 17    XL:     3   Next: 10%
Magic:  2/2        EV: 12    Int:  3    God:
Gold:   74         SH:  0    Dex: 12    Spells: 2/2 levels left

rFire   . . .      SeeInvis +   g - +0 flail (distort)
rCold   + . .      Faith    .   (no shield)
rNeg    + + +      Spirit   .   a - +0 leather armour
rPois   ∞          Reflect  .   b - +0 helmet
rElec   .          Harm     .   (no cloak)
rCorr   .          Rampage  .   (no gloves)
Will    .....                   (no boots)
Stlth   +.........              (no amulet)
HPRegen 0.00/turn               e - ring of see invisible
MPRegen 0.08/turn               (no ring)

@: inhibited regen
A: claws 1, cold resistance 1, negative energy resistance 3, inhibited
regeneration, torment resistance 2, devour on kill
a: no special abilities


You were on level 2 of the Dungeon.
You visited 1 branch of the dungeon, and saw 2 of its levels.

You collected 74 gold pieces.

Inventory:

Hand Weapons
 f - a +0 short sword
 g - a +0 flail of distortion (weapon)
Missiles
 c - 3 throwing nets (quivered)
 d - a javelin
Armour
 a - a +0 leather armour (worn)
 b - a +0 helmet (worn)
Jewellery
 e - a ring of see invisible (left claw)
Scrolls
 h - a scroll of teleportation {unknown}
 i - a scroll of summoning {unknown}
 j - 4 scrolls of identify {unknown}
Potions
 k - a potion of attraction {unknown}


   Skills:
 + Level 2.4 Fighting
 + Level 0.6 Short Blades
 + Level 0.2 Maces & Flails
 + Level 1.9 Throwing
 + Level 0.2 Armour
 + Level 3.0 Dodging
 + Level 3.6 Unarmed Combat


You had 2 spell levels left.
You didn't know any spells.
Your spell library was empty.

Dungeon Overview and Level Annotations

Branches:
Dungeon (2/15)

Altars:


Innate Abilities, Weirdness & Mutations

You are immune to poison.
You have sharp fingernails.
Your flesh is cold resistant. (rC+)
You are immune to negative energy. (rN+++)
You do not regenerate when monsters are visible.
You are immune to unholy pain and torment.
You thrive by killing the living.


Message History

The dart slug barely misses you.
You sock the dart slug!
You kill the dart slug!
You now have 74 gold pieces (gained 10).
You see here a bat corpse.
There is an open door here.
There is an open door here.
You open the door.
There is an open door here.
You open the door.
There is an open door here.
You open the door.
There is an open door here.
There is an open door here.
There is a stone staircase leading down here.
There is a shaft here.
There is a shaft here.
Unknown command.
Unknown command.
Unknown command.
Unknown command.
There is a stone staircase leading down here.
You climb downwards.
The gnoll shouts! x4
Found 13 gold pieces.
There is a stone staircase leading up here.
Found a stone staircase leading down.
Found 10 gold pieces and a robe.
You hit the gnoll but do no damage.
The gnoll blinks!
The gnoll hits you with a +0 flail of draining!
Found 4 poisoned darts.
The gnoll hits you with a +0 flail of draining!
* * * LOW HITPOINT WARNING * * *
You see here 13 gold pieces.
The gnoll barely misses you. The gnoll hits you with a +0 flail.
* * * LOW HITPOINT WARNING * * *
The gnoll barely misses you. The gnoll misses you.
The gnoll hits you with a +0 flail of draining!
You die...

..# #.# # #.#.#
#########.#.#
#.........#.#
.[
#.........#..>.
#<........$
#.###.gg#######
#.....@.w#
#.....#gg...#
#.#####.....# #
#.....# ......#
##....# #(..#
...#


You could see a worm and 4 gnolls.

Vanquished Creatures
  2 dart slugs (D:1)
  4 bats (D:1)
  2 endoplasms (D:1)
  2 giant cockroaches (D:1)
  2 goblins (D:1)
  4 hobgoblins (D:1)
  A kobold (D:1)
  A frilled lizard (D:1)
  A rat (D:1)
19 creatures vanquished.

Notes
Turn   | Place    | Note
-------+----------+-------------------------------------------
     0 | D:1      | joe1234567 the Ghoul Gladiator began the quest for the Orb.
     0 | D:1      | Reached XP level 1. HP: 17/17 MP: 0/0
   108 | D:1      | Reached XP level 2. HP: 16/24 MP: 1/1
   774 | D:1      | Reached XP level 3. HP: 29/30 MP: 2/2
   924 | D:2      | Slain by a gnoll

Illustrated notes

Levels and vault maps discovered:
D:1:      psy_arrival_spokes, layout_basic
D:2:      layout_basic, basic_altar, ebering_ecumenical_altar_webs,
          supply_closet_lemuel, minmay_misc_feat_roman,
          kennysheep_generic_room_8

Skill      XL: |  1  2 |
---------------+-------+-----
Dodging        | 3 |  3.0
Fighting       | |  2.4
Short Blades   | |  0.6
Maces & Flails | |  0.2
Throwing       | |  1.9
Armour         | |  0.2
Unarmed Combat | |  3.6

Action                   || total
-------------------------++-------
Melee: Short sword       ||    30
       Unarmed           ||     1
       Flail             ||    23
       Punch             ||     2
Armor: Leather armour    ||    31
Dodge: Dodged            ||    75

Table legend: (Time is in decaauts)
 A = Elapsed time spent in this place.
 B = Non-inter-level travel time spent in this place.
 C = Inter-level travel time spent in this place.
 D = Time resting spent in this place.
 E = Time spent auto-exploring this place.
 F = Levels seen in this place.
 G = Mean time per level.
                   A        B        C        D        E       F      G
               +--------+--------+--------+--------+--------+-----+--------+
         Total |    933 |    912 |     21 |      0 |      0 |   2 |  466.5 |
       Dungeon |    933 |    912 |     21 |      0 |      0 |   2 |  466.5 |
               +--------+--------+--------+--------+--------+-----+--------+

Top non-repeatable levels by time:
     D:1: 927 daAuts
     D:2: 6 daAuts
